 Dungeon Crawl Stone Soup version 0.29.1-2-gbd0b4ee654 (webtiles) character file.

Game seed: 14672671750574845238

258 warriortoast the Conjurer (level 5, 0/42 HPs)
             Began as a Draconian Conjurer on Nov 30, 2022.
             Slain by Prince Ribbit (12 damage)
             ... on level 7 of the Dungeon.
             The game lasted 00:09:28 (4460 turns).

warriortoast the Conjurer (Draconian Conjurer)      Turns: 4460, Time: 00:09:28

Health: 0/42       AC:  6    Str: 15    XL:     5   Next: 94%
Magic:  7/9        EV: 12    Int: 20    God:
Gold:   127        SH:  0    Dex: 10    Spells: 3/9 levels left

rFire   . . .      SeeInvis .   m - staff of conjuration
rCold   . . .      Faith    .   (no shield)
rNeg    . . .      Spirit   .   (body armour unavailable)
rPois   .          Reflect  .   (helmet restricted)
rElec   .          Harm     .   d - +0 cloak
rCorr   .          Rampage  .   (no gloves)
Will    .....                   (no boots)
Stlth   ++........              (no amulet)
HPRegen 0.14/turn               h - +6 ring of strength
MPRegen 0.11/turn               (no ring)

@: no status effects
A: AC +5, unfitting armour, cold-blooded
a: no special abilities


You were on level 7 of the Dungeon.
You visited 1 branch of the dungeon, and saw 6 of its levels.

You collected 127 gold pieces.

Inventory:

Hand Weapons
 j - a +0 dagger
 l - a +0 mace
Missiles
 o - 10 poisoned darts
Armour
 d - a +0 cloak (worn)
 w - a scarf of invisibility
Magical Staves
 m - a staff of conjuration (weapon)
Jewellery
 h - a +6 ring of strength (left hand)
 x - a +4 ring of protection
 y - an amulet of regeneration
Scrolls
 b - 2 scrolls of teleportation {unknown}
 f - 4 scrolls of identify {unknown}
 g - 3 scrolls of enchant weapon {unknown}
 i - a scroll of blinking {unknown}
 p - a scroll of amnesia {unknown}
 s - a scroll of magic mapping {unknown}
 t - a scroll of brand weapon {unknown}
Potions
 a - 2 potions of magic
 c - 2 potions of might {unknown}
 e - a potion of heal wounds {unknown}
 k - a potion of brilliance {unknown}
 n - 3 potions of curing {unknown}
 q - 2 potions of haste {unknown}
 r - a potion of flight {unknown}
 u - a potion of attraction {unknown}
 v - a potion of invisibility {unknown}


   Skills:
 + Level 2.4 Fighting
 + Level 2.8 Dodging
 + Level 2.9 Stealth
 + Level 2.9 Spellcasting
 + Level 4.7 Conjurations
 + Level 1.5 Hexes


You had 3 spell levels left.
You knew the following spells:

 Your Spells              Type           Power      Damage    Failure   Level
a - Magic Dart            Conj           100%       1d8       1%          1
b - Searing Ray           Conj           66%        2d6       3%          2
c - Dazzling Flash        Conj/Hex       46%        N/A       12%         3

Your spell library contained the following spells:

 Spells                   Type           Power      Damage    Failure   Level
 Fulminant Prism          Conj/Hex       11%        3d9       36%         4
 Iskenderun's Mystic Bla  Conj/Tloc      18%        2d6       47%         4


Dungeon Overview and Level Annotations

Branches:
Dungeon (7/15)
 Temple: D:4-7

Altars:
Gozag
Kikubaaqudgha
The Shining One

Annotations:
D:2 1 runed translucent door, Crazy Yiuf, Sigmund
D:6 Eustachio
D:7 Prince Ribbit


Innate Abilities, Weirdness & Mutations

Your plain brown scales are hard. (AC +5)
You cannot fit into any form of body armour.
You are cold-blooded and may be slowed by cold attacks.


Message History

You kill the white imp!
An orc comes into view. It is wielding a +0 falchion.
You feel a surge of power!
The magic dart hits the orc!
You kill the orc!
You start resting.
Magic restored.
You now have 127 gold pieces (gained 13).
You open the door.
There is an open door here.
Found a falchion.
You see here a +0 falchion.
Found a stone staircase leading down.
Found 5 stones.
Prince Ribbit comes into view.
Prince Ribbit croaks.
Prince Ribbit blinks! 3 orcs come into view.
Found a rat corpse.
Prince Ribbit blinks!
You feel a surge of power!
The magic dart hits Prince Ribbit.
Prince Ribbit is lightly wounded.
You feel a surge of power!
The magic dart hits Prince Ribbit.
Prince Ribbit is lightly wounded.
Prince Ribbit hits you!
You feel a surge of power!
The magic dart hits Prince Ribbit.
Prince Ribbit is moderately wounded.
Prince Ribbit hits you!
* * * LOW HITPOINT WARNING * * *
You are too injured to fight recklessly!
You are too injured to fight recklessly!
Prince Ribbit barely misses you.
Prince Ribbit hops awkwardly around.
Prince Ribbit hits you but does no damage.
Prince Ribbit misses you.
Prince Ribbit croaks regally.
Prince Ribbit barely misses you. Prince Ribbit closely misses you. x2
Prince Ribbit closely misses you. Prince Ribbit hits you!
You die...

#......#...##......
####...###.# ......
###.###.## .....
##......+ .....
#..##'### .)[.
#.##### #... #.#
#F# #@## #..##
#...# ###.....†o.
##..##oo. ###


You could see Prince Ribbit.

Vanquished Creatures
  3 orc priests (D:3)
  Jessica (D:2)
  3 adders
  A white imp (D:7)
  An ufetubus (D:6)
  3 worms (D:2)
  5 dart slugs
  10 orcs
  4 ball pythons
  5 bats
  7 endoplasms
  3 giant cockroaches
  4 hobgoblins
  2 jackals (D:2)
  2 quokkas
  5 frilled lizards
  7 goblins
  10 kobolds
  8 rats
84 creatures vanquished.

Vanquished Creatures (others)
  A plant (D:3)
1 creature vanquished.

Grand Total: 85 creatures vanquished

Notes
Turn   | Place    | Note
-------+----------+-------------------------------------------
     0 | D:1      | warriortoast the Draconian Conjurer began the quest for the
                  | Orb.
     0 | D:1      | Reached XP level 1. HP: 14/14 MP: 3/3
   392 | D:1      | Reached XP level 2. HP: 22/22 MP: 0/5
   802 | D:1      | Reached skill level 1 in Fighting
  1174 | D:1      | Reached XP level 3. HP: 28/28 MP: 4/6
  1264 | D:2      | Learned a level 2 spell: Searing Ray
  1268 | D:2      | Learned a level 3 spell: Dazzling Flash
  1350 | D:2      | Noticed Sigmund
  1882 | D:2      | Noticed Jessica
  1885 | D:2      | Killed Jessica
  1886 | D:2      | Reached XP level 4. HP: 35/35 MP: 3/7
  2293 | D:2      | Found a runed translucent door.
  2294 | D:2      | Noticed Crazy Yiuf
  2722 | D:3      | Found an opulent altar of Gozag.
  2722 | D:3      | Found an ancient bone altar of Kikubaaqudgha.
  2735 | D:3      | Found a glowing golden altar of the Shining One.
  2902 | D:3      | Reached skill level 1 in Hexes
  3107 | D:3      | Reached XP level 5. HP: 31/41 MP: 2/9
  3344 | D:3      | Found a faded altar of an unknown god.
  4207 | D:4      | You fall into a shaft and drop 2 floors!
  4242 | D:6      | Noticed a phantom
  4286 | D:6      | Noticed Eustachio
  4428 | D:7      | Noticed Prince Ribbit
  4460 | D:7      | Slain by Prince Ribbit

Illustrated notes

Levels and vault maps discovered:
D:1:      dpeg_arrival_rooms_b, layout_basic, st_stairs_4
D:2:      minmay_evil_eye, layout_loops_ring, uniq_jessica,
          uniq_crazy_yiuf_cottage, uniq_sigmund
D:3:      layout_loops_ring, gammafunk_temple_overflow_forgotten,
          chequers_ecumenical_altar_simple_redux, roderic_lattice_a,
          kennysheep_orc_chapel
D:4:      layout_basic, mainiacjoe_overflow_small_starburst,
          lexackson_kobold_supper, uniq_menkaure
D:6:      layout_loops_corners, kennysheep_slug_shrine,
          minmay_temple_entry_trees, nicolae_eternal_life, uniq_eustachio
D:7:      layout_basic, mainiacjoe_overflow_paths, lightli_orcish_oven,
          uniq_prince_ribbit1, uniq_pikel

Skill      XL: |  1  2  3  4 |
---------------+-------------+-----
Stealth        | 2 |  2.9
Dodging        | 2 |  2.8
Fighting       | 1 2 |  2.4
Hexes          | 1 |  1.5
Spellcasting   | |  2.9
Conjurations   | |  4.7

Action                   |  1- 3 |  4- 6 || total
-------------------------+-------+-------++-------
Melee: Unarmed           |     1 |       ||     1
       Dagger            |     1 |       ||     1
Throw: Dart              |     6 |    19 ||    25
 Cast: Magic Dart        |    76 |   103 ||   179
       Searing Ray       |     1 |     2 ||     3
Armor: Skin              |    15 |     5 ||    20
Dodge: Dodged            |    26 |    21 ||    47
